 Dungeon Crawl Stone Soup version 0.17.0-23-g0de4337 (webtiles) character file.

177 radek the Firebug (level 5, 0/28 HPs)
             Began as a Gargoyle Fire Elementalist on Nov 14, 2015.
             Slain by JudasIscariot's ghost (8 damage)
             ... on level 3 of the Dungeon.
             The game lasted 00:17:10 (3111 turns).

radek the Firebug (Gargoyle Fire Elementalist)      Turns: 3111, Time: 00:17:10

Health: 0/28       AC:  6    Str: 12    XL:     5   Next: 57%
Magic:  0/10       EV: 12    Int: 16    God:
Gold:   143        SH:  0    Dex: 10    Spells: 2 memorised, 4 levels left

rFire  . . .     SeeInvis .     b - +0 club
rCold  . . .     Clarity  .     p - +0 robe
rNeg   + . .     SustAt   .     (no shield)
rPois  ∞         Gourm    .     (no helmet)
rElec  +         Spirit   .     (no cloak)
rCorr  .         Warding  .     (no gloves)
rMut   .         Stasis   .     (no boots)
MR     .....                    (no amulet)
Stlth  ++........               (no ring)
                                (no ring)

@: very slightly contaminated, not resistant to hostile enchantments, unstealthy
A: negative energy resistance 1, electricity resistance, unbreathing,
petrification resistance, rot immunity, AC +4
a: no special abilities


You were on level 3 of the Dungeon.
You were not hungry.

You visited 1 branch of the dungeon, and saw 3 of its levels.

You collected 143 gold pieces.

Inventory:

Hand Weapons
 a - a +1 hunting sling of flaming
 b - a +0 club (weapon)
Missiles
 q - 4 stones (quivered)
Armour
 p - a +0 robe (worn)
Jewellery
 v - an uncursed amulet of clarity {unknown}
Scrolls
 d - a scroll of blinking {unknown}
 f - 3 scrolls of enchant armour {unknown}
 h - 2 scrolls of identify {unknown}
 j - a scroll of magic mapping {unknown}
 m - a scroll of teleportation {unknown}
 s - a scroll of recharging {unknown}
Potions
 g - 2 potions of ambrosia {unknown}
 k - 3 potions of degeneration {unknown}
 l - a potion of invisibility {unknown}
 n - a potion of brilliance {unknown}
 r - 2 potions of heal wounds {unknown}
 t - a potion of curing {unknown}
 u - 2 potions of might {unknown}
Books
 e - a book of Flames

   Spells                             Type                      Level
   a - Flame Tongue                   Conjuration/Fire             1
   b - Throw Flame                    Conjuration/Fire             2
   c - Conjure Flame                  Conjuration/Fire             3
   d - Inner Flame                    Hexes/Fire                   3
   e - Sticky Flame                   Conjuration/Fire             4
   f - Fireball                       Conjuration/Fire             5
Comestibles
 c - 4 bread rations
 i - 3 beef jerkies
 o - 3 chunks of flesh


   Skills:
 - Level 1.5 Dodging
 - Level 2.1 Stealth
 + Level 3.3 Spellcasting
 * Level 3.4 Conjurations
 * Level 4.2 Fire Magic


You had 4 spell levels left.
You knew the following spells:

 Your Spells              Type           Power        Failure   Level  Hunger
a - Flame Tongue          Conj/Fire      ##...        4%          1    None
b - Fireball              Conj/Fire      ##........   91%         5    ######.


Dungeon Overview and Level Annotations

Branches:
Dungeon (3/15)

Altars:
Gozag

Annotations:
D:2 Sigmund
D:3 JudasIscariot's ghost, amateur TrMo


Innate Abilities, Weirdness & Mutations

You are resistant to torment.
Your stone body is resilient (AC +4).
You are immune to poison.
You resist negative energy.
You are resistant to electric shocks.
You can survive without breathing.
You are immune to petrification.
You are immune to rotting.


Message History

Press: ? - help, Shift-Dir - straight line, f/p - JudasIscariot's ghost
Aim: JudasIscariot's ghost (severely damaged)
You miscast Flame Tongue.
You are very lightly contaminated with residual magic.
Nothing appears to happen.
JudasIscariot's ghost hits you.
Casting: Flame Tongue
Confirm with . or Enter, or press ? or * to list all spells.
Aiming: Flame Tongue
Press: ? - help, Shift-Dir - straight line, f/p - JudasIscariot's ghost
Aim: JudasIscariot's ghost (severely damaged)
You miscast Flame Tongue.
Nothing appears to happen.
JudasIscariot's ghost hits you.
* * * LOW HITPOINT WARNING * * *
Your +1 hunting sling of flaming stops flaming.
b - a +0 club (weapon)
JudasIscariot's ghost completely misses you.
You hit JudasIscariot's ghost.
JudasIscariot's ghost is severely damaged.
JudasIscariot's ghost hits you!
You die...

.# ... .# # ... ###.# .
.... #.....#
....##.#.#.## ..........#
#.# ##.###..#.#..###.#
((..((.W@.....##.########
#.(##..###...##.........
#...#..###...##.........
#............##.(.......
#............##.........
#......###..............
##.....# #.....)..._....
##.....###†..###........
#............# #........


You could see JudasIscariot's ghost.

Vanquished Creatures
  An orc priest (D:3)
  Robin (D:2)
  2 adders
  4 gnolls (D:2)
  An ooze (D:1)
  3 worms
  A giant gecko (D:1)
  4 orcs (D:3)
  10 hobgoblins
  4 kobolds
  A quokka (D:2)
  A ball python (D:3)
  7 bats
  3 giant newts (D:1)
  15 goblins
  4 jackals
  3 rats
65 creatures vanquished.

Notes
Turn   | Place    | Note
--------------------------------------------------------------
     0 | D:1      | radek the Gargoyle Fire Elementalist began the quest for the Orb.
     0 | D:1      | Reached XP level 1. HP: 10/10 MP: 3/3
    81 | D:1      | Reached XP level 2. HP: 15/15 MP: 3/5
  1072 | D:2      | Reached XP level 3. HP: 19/19 MP: 0/6
  1205 | D:2      | Noticed Sigmund
  1902 | D:2      | Noticed Robin
  1970 | D:1      | Reached XP level 4. HP: 20/24 MP: 1/8
  2269 | D:2      | Killed Robin
  2602 | D:2      | Reached XP level 5. HP: 25/28 MP: 9/9
  2618 | D:2      | Reached skill level 4 in Fire Magic
  2760 | D:2      | Learned a level 5 spell: Fireball
  3043 | D:3      | Found an opulent altar of Gozag.
  3092 | D:3      | Noticed JudasIscariot's ghost (amateur TrMo)
  3111 | D:3      | Slain by JudasIscariot's ghost

Action                   |  1- 3 |  4- 6 || total
-------------------------+-------+-------++-------
Melee: Unarmed           |     8 |       ||     8
       Club              |    98 |    22 ||   120
 Fire: Hunting sling     |       |    56 ||    56
Throw: Stone             |       |     9 ||     9
 Cast: Flame Tongue      |    40 |    39 ||    79
 Stab: Sleeping          |     3 |       ||     3
  Eat: Chunk             |     4 |     4 ||     8
